 Dungeon Crawl Stone Soup version 0.24.0-123-gd5b16e6ec5 (webtiles) character file.

Game seed: 7932883361544589858, levelgen mode: deterministic

58 FishyPogo the Ducker (level 3, -8/31 HPs)
             Began as a Troll Wizard on Dec 19, 2019.
             Mangled by Sigmund
             ... wielding a +0 scythe
              (10 damage)
             ... on level 2 of the Dungeon.
             The game lasted 00:05:41 (1596 turns).

FishyPogo the Ducker (Troll Wizard)                 Turns: 1596, Time: 00:05:42

Health: -8/31      AC:  6    Str: 13 (15) XL:     3   Next: 76%
Magic:  2/5        EV: 10    Int: 14 (15) God:
Gold:   58         SH:  0    Dex:  6 (8)  Spells: 0/6 levels left

rFire    . . .     SeeInvis .   (no weapon)
rCold    . . .     Gourm    +   (no shield)
rNeg     . . .     Faith    +   a - +0 robe
rPois    .         Spirit   .   b - +0 hat
rElec    .         Reflect  .   (no cloak)
rCorr    .         Harm     .   (gloves unavailable)
MR       .....                  (boots unavailable)
Stlth    +.........             o - amulet of faith
HPRegen  0.50/turn              (no ring)
MPRegen  0.09/turn              (no ring)

@: very slightly contaminated
A: large, unfitting armour, claws 3, fast metabolism 3, gourmand, regeneration
1, shaggy fur 1, tough skin 3
a: no special abilities


You were on level 2 of the Dungeon.
You were very full.

You visited 1 branch of the dungeon, and saw 2 of its levels.

You collected 58 gold pieces.

Inventory:

Missiles
 g - a throwing net
 k - 34 poisoned darts (quivered)
 n - 40 stones
Armour
 a - a +0 robe (worn)
 b - a +0 hat (worn)
Jewellery
 o - an amulet of faith (around neck)
Scrolls
 e - 4 scrolls of identify {unknown}
 f - 2 scrolls of amnesia {unknown}
 h - 2 scrolls of fear {unknown}
 j - a scroll of enchant weapon {unknown}
 l - a scroll of immolation {unknown}
 r - a scroll of teleportation {unknown}
Potions
 m - a potion of curing
Comestibles
 d - 2 rations
 p - a chunk of flesh


   Skills:
 * Level 2.7 Dodging
 - Level 1.0 Stealth
 + Level 2.2 Spellcasting
 + Level 1.3 Conjurations
 - Level 0.6 Summonings
   Level 0.6 Translocations


You couldn't memorise any spells.
You knew the following spells:

 Your Spells              Type           Power        Failure   Level  Hunger
a - Magic Dart            Conj           #...         13%         1    #......
j - Conjure Flame         Conj/Fire      #.......     45%         3    ###....
p - Call Imp              Summ           #.......     26%         2    ###....

Your spell library contained the following spells:

 Spells                   Type           Power        Failure   Level  Hunger
 Blink                    Tloc           N/A          26%         2    ###....
 Slow                     Hex            #.......     34%         2    ###....
 Mephitic Cloud           Conj/Pois/Air  #.......     50%         3    ###....


Dungeon Overview and Level Annotations

Branches:
Dungeon (2/15)

Altars:
Okawaru
Wu Jian

Annotations:
D:2 Sigmund


Innate Abilities, Weirdness & Mutations

You are too large for most types of armour.
You have claws for hands.
Your metabolism is lightning-fast.
You like to eat raw meat.
Your natural rate of healing is unusually fast.
You are covered in fur. (AC +1)
You have extremely tough skin. (AC +3)


Message History

The bat is moderately wounded.
The bat closely misses you. The bat completely misses you.
The bat hits you but does no damage. Something hits you but does no damage.
You claw the bat!
You kill the bat!
Something hits you.
You miss something. Something hits you!
You closely miss something. You scratch something. Something hits you!
* * * LOW HITPOINT WARNING * * *
You barely miss something. Something hits you!
* * * LOW HITPOINT WARNING * * *
Casting: Magic Dart (safe; 13% risk of failure)
Confirm with . or Enter, or press ? or * to list all spells.
Aiming: Conjure Flame (slightly dangerous; 45% risk of failure)
Press: ? - help, Dir - move target cursor You miscast Conjure Flame.
You are very lightly contaminated with residual magic.
Your skin tingles.
Something hits you!
You die...

.###.### .#.....# #####
##.###.###...## #+## ...#
#.##.....## #...##
.#.###.#.......# ##.....##
.......#..._...### ##.......#
...#####.......#.####.........
.......##.....##....'.........
...#######[..##.@####.........
..## ###.###..# ##.......# .##
#.#..###.# ##...<.## .#
#.##.###.# #...## .#
#........# #+## .# #........#
#.# .# ####.##### #####.# .#
#.# ######...#.## .# #.#
#...........##


There were no monsters in sight!

Vanquished Creatures
  An adder (D:2)
  A worm (D:2)
  A dart slug (D:1)
  2 leopard geckos
  2 orcs (D:2)
  2 giant cockroaches
  7 goblins
  3 hobgoblins (D:2)
  5 kobolds
  5 bats
  3 frilled lizards
  5 rats
37 creatures vanquished.

Notes
Turn   | Place    | Note
-------+----------+-------------------------------------------
     0 | D:1      | FishyPogo the Troll Wizard began the quest for the Orb.
     0 | D:1      | Reached XP level 1. HP: 16/16 MP: 2/2
   154 | D:1      | Reached XP level 2. HP: 24/24 MP: 2/4
   155 | D:1      | Reached skill level 1 in Conjurations
   186 | D:1      | Learned a level 2 spell: Call Imp
   826 | D:2      | Reached XP level 3. HP: 20/31 MP: 5/5
   931 | D:2      | Learned a level 3 spell: Conjure Flame
  1282 | D:2      | Found an iron altar of Okawaru.
  1539 | D:2      | Found an ornate altar of the Wu Jian Council.
  1564 | D:2      | Noticed Sigmund
  1593 | D:2      | HP: 1/31 [something (7)]
  1596 | D:2      | Mangled by Sigmund

Levels and vault maps discovered:
D:1:      minmay_arrival_four_loops, layout_loops_ring,
          chequers_serial_rivers_micro_c
D:2:      layout_loops_corners, lemuel_round_altar, okawaru_altar_gauntlet_db,
          uniq_sigmund

Skill      XL: |  1  2 |
---------------+-------+-----
Dodging        | 2 |  2.7
Conjurations   | 1 |  1.3
Stealth        | |  1.0
Spellcasting   | |  2.2
Summonings     | |  0.6
Translocations | |  0.6

Action                   || total
-------------------------++-------
Melee: Unarmed           ||   156
 Cast: Magic Dart        ||     9
       Call Imp          ||     1
  Use: Potion            ||     4
  Eat: Chunk             ||    20
Armor: Robe              ||    61
Dodge: Dodged            ||   104
